AoeStats
← Pillage The Village

Arabia

509692206Analyzed
3v3 RM · 3d ago on Sep 27, 2026· 57m 49s· 6 players
Game mode
Random Map
Map size
Normal (6 player)
Population
200
Speed
Normal
Resources
Standard
Victory
Conquest
Starting age
Dark Age
Ending age
Imperial Age
RankedLock teamsTeams togetherTeam positionsShared explorationLock speedFull tech treeHidden civsTurbo modeCheats
Victory
Defeat
🇧🇪 Mongols · Belgium
1220
+12
🇧🇪 Khmer · Belgium
1192
+13
🇧🇪 Franks · Belgium
945
+23
🇪🇸 Malay · Spain
1251
-21
🇪🇸 Aztecs · Spain
1081
-14
🇪🇸 Persians · Spain
1041
-13
Pillage The Village
5:36 Loom
8:43 Feudal Age
9:23 Double-Bit Axe
18:18 Forging
20:13 Gold Mining
23:39 Castle Age
22:16 Forging
22:44 Bloodlines
22:29 Horse Collar
23:27 Scale Barding Armor
32:30 Husbandry
33:54 Bow Saw
34:55 Fletching
41:24 Wheelbarrow
45:09 Imperial Age
44:10 Bodkin Arrow
44:48 Ballistics
46:18 Conscription
46:18 Stone Mining
46:52 Double Crossbow
48:53 Chemistry
52:18 Elite Ballista Elephant
54:43 Siege Engineers
55:42 Heavy Plow
55:59 Hand Cart
55:29 Town Watch
Pontifex Fakkulus
10:21 Feudal Age
9:22 Loom
13:51 Double-Bit Axe
15:58 Scale Barding Armor
24:33 Castle Age
25:02 Pikeman
29:05 Chain Barding Armor
28:56 Forging
30:25 Wheelbarrow
29:36 Town Watch
32:01 Hand Cart
38:22 Imperial Age
38:47 Iron Casting
38:27 Bow Saw
39:13 Fletching
39:24 Padded Archer Armor
38:47 Elite Throwing Axeman
41:43 Hand Cart
41:28 Town Patrol
40:59 Cavalier
41:39 Husbandry
43:00 Blast Furnace
44:17 Leather Archer Armor
47:17 Halberdier
48:16 Bodkin Arrow
49:26 Chemistry
48:50 Ballistics
49:22 Paladin
55:46 Elite Skirmisher
Myll_Barka
3:57 Loom
10:06 Feudal Age
10:58 Double-Bit Axe
14:40 Bloodlines
20:15 Castle Age
18:00 Horse Collar
19:03 Scale Barding Armor
18:58 Gold Mining
21:14 Bow Saw
21:08 Husbandry
22:07 Forging
25:17 Chain Barding Armor
32:23 Wheelbarrow
34:24 Hand Cart
35:43 Iron Casting
34:56 Town Watch
39:53 Imperial Age
37:25 Light Cavalry
40:18 Fletching
40:28 Padded Archer Armor
40:53 Ballistics
40:08 Elite Mangudai
40:52 Heavy Plow
40:21 Hussar
42:07 Bodkin Arrow
42:28 Leather Archer Armor
44:14 Chemistry
43:55 Bracer
46:01 Blast Furnace
50:15 Stone Mining
51:01 Gold Shaft Mining
SALCHIPAPA
0:33 Loom
11:50 Feudal Age
22:06 Castle Age
25:11 Double-Bit Axe
25:09 Horse Collar
27:01 Wheelbarrow
27:51 Fletching
31:53 Bodkin Arrow
32:04 Pikeman
34:45 Squires
35:42 Hand Cart
36:50 Scale Barding Armor
38:15 Scale Mail Armor
45:09 Imperial Age
42:48 Husbandry
43:30 Bow Saw
43:22 Heavy Plow
43:44 Bloodlines
45:01 Heavy Camel Rider
46:34 Chain Barding Armor
46:30 Chain Mail Armor
49:25 Murder Holes
52:23 Light Cavalry
el cracken
6:00 Loom
9:33 Feudal Age
10:58 Double-Bit Axe
11:08 Horse Collar
14:10 Scale Mail Armor
20:49 Castle Age
20:08 Forging
21:44 Squires
21:19 Eagle Warrior
21:48 Arson
23:35 Wheelbarrow
23:03 Heavy Plow
22:39 Pikeman
23:52 Chain Mail Armor
30:38 Town Watch
35:57 Hand Cart
40:13 Imperial Age
42:32 Plate Mail Armor
42:38 Iron Casting
41:40 Elite Eagle Warrior
43:04 Conscription
43:06 Garland Wars
44:09 Elite Skirmisher
44:44 Fletching
44:54 Padded Archer Armor
45:55 Blast Furnace
44:50 Fletching
45:01 Padded Archer Armor
46:08 Crossbowman
47:17 Arbalester
49:32 Bodkin Arrow
49:53 Leather Archer Armor
52:11 Chemistry
51:46 Ballistics
52:45 Atlatl
53:36 Bracer
Señor JP
2:08 Loom
19:45 Feudal Age
19:22 Horse Collar
19:31 Double-Bit Axe
19:38 Double-Bit Axe
22:01 Fletching
28:23 Castle Age
32:06 Crossbowman
33:39 Bodkin Arrow
35:23 Pikeman
36:26 Padded Archer Armor
40:50 Forging
40:56 Leather Archer Armor
42:42 Thumb Ring
46:54 Squires
46:40 Arson
46:46 Arson
48:37 Iron Casting
51:30 Imperial Age
50:27 Heavy Scorpion
51:45 Wheelbarrow
51:12 Bracer
53:02 Chemistry
Connection lost

Rejoining the realm…

Still unreachable

The connection could not be restored.

Session expired

The server has moved on; the page needs a fresh start.